 Dungeon Crawl Stone Soup version 0.30.1-4-g462c640d31 (webtiles) character file.

Game seed: 8685027212837763157

68 lonewolfV2 the Trooper (level 4, 0/35 HPs)
             Began as a Demonspawn Fighter on Sept 6, 2023.
             Killed from afar by an orc wizard (6 damage)
             ... with a puff of flame
             ... on level 3 of the Dungeon.
             The game lasted 00:01:39 (2000 turns).

lonewolfV2 the Trooper (Demonspawn Fighter)         Turns: 2000, Time: 00:01:40

Health: 0/35       AC:  6    Str: 19    XL:     4   Next: 1%
Magic:  4/4        EV:  9    Int:  9    God:
Gold:   63         SH:  4    Dex: 12    Spells: 3/3 levels left

rFire   . . .        a - +0 war axe
rCold   . . .        c - +0 buckler
rNeg    . . .        b - +0 scale mail
rPois   .            (no helmet)
rElec   .            (no cloak)
rCorr   .            (no gloves)
SInv    .            (no boots)
Will    .....        (no amulet) Stlth
                     (no ring)
HPRegen 0.25/turn    (no ring)
MPRegen 0.09/turn

%: no passive effects
@: no status effects
A: demonic guardian 1, weakness stinger 1
a: no special abilities


You were on level 3 of the Dungeon.
You visited 1 branch of the dungeon, and saw 3 of its levels.

You collected 63 gold pieces.

Inventory:

Hand Weapons
 a - a +0 war axe (weapon)
Armour
 b - a +0 scale mail (worn)
 c - a +0 buckler (worn)
Jewellery
 f - a ring of poison resistance
Potions
 d - a potion of might
 e - 2 potions of mutation {unknown}
 h - a potion of resistance {unknown}


   Skills:
 + Level 3.2 Fighting
 + Level 2.6 Axes
 + Level 3.0 Armour
 + Level 1.6 Dodging
 + Level 0.2 Stealth
 + Level 2.8 Shields


You had 3 spell levels left.
You didn't know any spells.
Your spell library was empty.

Dungeon Overview and Level Annotations

Branches:
Dungeon (3/15)

Altars:


Innate Abilities, Weirdness & Mutations

A weak demonic guardian rushes to your aid.
You have a small tail.


Message History

The orc wizard hits you with a +0 dagger.
You slash Ijyb!
Your tail-slap misses Ijyb.
Ijyb is almost dead.
You hit the orc. You hit the orc wizard. You block Ijyb's attack.
The orc wizard casts a spell at you. The magic dart hits you.
The orc barely misses you.
You slash Ijyb!
You kill Ijyb!
You hit the orc. You hit the orc wizard.
The orc wizard hits you but does no damage.
The orc hits you but does no damage.
The orc wizard hits you with a +0 dagger.
The orc completely misses you.
Your Dodging skill increases to level 1!
You hit the orc.
You kill the orc!
You closely miss the orc wizard.
You have reached level 4!
You feel stronger.
Your demonic ancestry asserts itself...
You feel the presence of a demonic guardian.
You hit the orc wizard.
The orc wizard is heavily wounded.
You block the orc wizard's attack. The orc wizard casts a spell at you.
You resist with some effort. The orc hits you with a +0 mace.
An orc comes into view. It is wielding a +0 club.
The orc shouts!
You barely miss the orc wizard.
The orc wizard is heavily wounded.
You hit the orc. The orc hits you with a +0 mace.
* * * LOW HITPOINT WARNING * * *
A demonic guardian appears!
The orc wizard hits you but does no damage.
You slash the orc wizard!
The orc wizard is almost dead.
You hit the orc but do no damage. The orc hits you with a +0 mace.
* * * LOW HITPOINT WARNING * * *
The orc wizard casts a spell at you. The puff of flame hits you.
You die...

###### .....# .....#
.....### ####
.......########### ....
.....#...........#..####
.....##########o@)5)....
.†...# #o#######. ######
#o# # ### ... ##..>..
#### ....... ###.###


You could see an orc wizard (ally target), 2 orcs and a friendly shadow imp
(summoned).

Vanquished Creatures
  Ijyb (D:3)
  2 adders (D:3)
  An orc (D:3)
  5 ball pythons
  3 endoplasms
  A giant cockroach (D:3)
  A goblin (D:2)
  3 jackals (D:2)
  A kobold (D:1)
  3 quokkas
  A bat (D:2)
  A frilled lizard (D:3)
  4 rats
27 creatures vanquished.

Notes
Turn   | Place    | Note
-------+----------+-------------------------------------------
     0 | D:1      | lonewolfV2 the Demonspawn Fighter began the quest for the
                  | Orb.
     0 | D:1      | Reached XP level 1. HP: 18/18 MP: 1/1
   823 | D:1      | Gained mutation: You have a small tail. [demonic ancestry]
   823 | D:1      | Reached XP level 2. HP: 19/24 MP: 2/2
   854 | D:1      | Found a faded altar of an unknown god.
  1909 | D:3      | Reached XP level 3. HP: 19/29 MP: 3/3
  1986 | D:3      | Noticed Ijyb
  1996 | D:3      | Killed Ijyb
  1997 | D:3      | Reached skill level 1 in Dodging
  1998 | D:3      | Gained mutation: A weak demonic guardian rushes to your
                  | aid. [demonic ancestry]
  1998 | D:3      | Reached XP level 4. HP: 17/35 MP: 4/4
  2000 | D:3      | Killed from afar by an orc wizard

Illustrated notes

Levels and vault maps discovered:
D:1:      dpeg_arrival_pits, layout_basic, nicolae_ecumenical_snake_handling,
          item_on_display_a
D:2:      layout_loops_ring
D:3:      layout_rooms, uniq_ijyb

Skill      XL: |  1  2  3 |
---------------+----------+-----
Axes           | 2 |  2.6
Armour         | 3 |  3.0
Dodging        | 1 |  1.6
Fighting       | |  3.2
Stealth        | |  0.2
Shields        | |  2.8

Action                     |  1- 3 |  4- 6 || total
---------------------------+-------+-------++-------
  Melee: War axe           |    81 |     3 ||    84
         Tailslap          |     5 |       ||     5
    Use: Scroll            |     3 |       ||     3
 Armour: Scale mail        |    58 |     1 ||    59
  Dodge: Dodged            |    47 |       ||    47
  Block: Buckler           |    27 |     1 ||    28
